 Dungeon Crawl Stone Soup version 0.19.0-24-gb05acd6 (webtiles) character file.

2164 Mesmaeker13 the Ducker (level 9, -1/64 HPs)
             Began as a Demonspawn Skald on Nov 21, 2016.
             Was an Initiate of Ashenzari.
             Succumbed to a hornet's poison
             ... on level 6 of the Dungeon.
             The game lasted 00:26:04 (8840 turns).

Mesmaeker13 the Ducker (Demonspawn Skald)           Turns: 8840, Time: 00:26:05

Health: -1/64      AC:  6    Str: 22    XL:     9   Next: 10%
Magic:  15/15      EV: 16    Int: 16    God:    Ashenzari [......]
Gold:   373        SH:  0    Dex: 17    Spells: 5 memorised, 5 levels left

rFire  + . .     SeeInvis .     y - +4 rapier
rCold  + . .     Gourm    .     b - +1 leather armour (curse)
rNeg   . . .     Faith    .     (no shield)
rPois  .         Spirit   .     (helmet restricted)
rElec  .         Reflect  .     (no cloak)
rCorr  +         Harm     .     E - +1 pair of gloves (curse)
MR     .....                    (no boots)
Stlth  +++.......               u - amulet of Tempters {RegenMP +Fly rC+ Str+4} (curse)
                                H - ring of resist corrosion
                                a - ring of stealth

@: mighty, lethally poisoned (-1 -> -12), slowed, very slow
A: horns 1, thin skeletal structure 2, fire resistance 1, flame cloud immunity
a: Curse Item, Renounce Religion, Evoke Flight


You were on level 6 of the Dungeon.
You worshipped Ashenzari.
Ashenzari was noncommittal.
You were not hungry.

You visited 2 branches of the dungeon, and saw 9 of its levels.

You collected 373 gold pieces.

Inventory:

Hand Weapons
 i - a +2 dagger of speed
 j - a +0 rapier of venom
 k - a +2 dagger of venom
 y - a +4 rapier (weapon)
Missiles
 f - 49 poisoned needles
 B - 3 curare-tipped needles
Armour
 b - a cursed +1 leather armour (worn)
 p - a +2 robe of positive energy
 A - a +0 robe of positive energy
 E - a cursed +1 pair of gloves (worn)
Jewellery
 a - a ring of stealth (left hand)
 u - the cursed amulet of Tempters (around neck) {RegenMP +Fly rC+ Str+4}
   (You acquired it on level 8 of the Dungeon)

   [amulet of magic regeneration]

   It increases your magic regeneration.
   It affects your strength (+4).
   It protects you from cold.
   It lets you fly.
   It has a curse placed upon it.
 H - a ring of resist corrosion (right hand)
Wands
 K - a wand of random effects (46/48)
Scrolls
 e - 3 scrolls of amnesia
 h - 2 scrolls of fog
 l - a scroll of enchant armour
 m - 3 scrolls of enchant weapon {unknown}
 q - 5 scrolls of remove curse
Potions
 g - a potion of degeneration {unknown}
 v - 3 potions of brilliance
 w - 4 potions of lignification {unknown}
 z - a potion of invisibility {unknown}
 F - a potion of mutation {unknown}
 I - a potion of resistance {unknown}
Books
 c - a book of Battle

   Spells                             Type                      Level
   a - Infusion                       Charms                       1
   b - Shroud of Golubria             Charms/Translocation         2
   c - Song of Slaying                Charms                       2
   d - Spectral Weapon                Hexes/Charms                 3
   e - Regeneration                   Charms/Necromancy            3
Comestibles
 d - 4 bread rations
 n - 5 fruits
 o - 2 meat rations
 t - 2 beef jerkies
 x - 5 chunks of flesh
 D - 2 slices of pizza


   Skills:
 + Level 3.6 Fighting
   Level 1.7 Long Blades
 - Level 0.8 Armour
 + Level 6.4 Dodging
 - Level 4.0 Spellcasting
 + Level 5.1 Hexes
 + Level 6.4 Charms


You had 5 spell levels left.
You knew the following spells:

 Your Spells              Type           Power        Failure   Level  Hunger
a - Infusion              Chrm           ###.         1%          1    None
b - Song of Slaying       Chrm           ###.....     2%          2    ##.....
c - Shroud of Golubria    Chrm/Tloc      ##........   10%         2    ##.....
d - Spectral Weapon       Hex/Chrm       ###.....     8%          3    ###....
e - Regeneration          Chrm/Necr      ##........   17%         3    ###....


Dungeon Overview and Level Annotations

Branches:
Dungeon (8/15)             Temple (1/1) D:5
   Lair: D:8-11

Altars:
Ashenzari
Cheibriados
Dithmenos
Elyvilon
Fedhas
Gozag
Hepliaklqana
Kikubaaqudgha
Makhleb
Nemelex Xobeh
Okawaru
Qazlal
Sif Muna
Trog
Uskayaw
Vehumet
Xom
Yredelemnul
Zin
The Shining One

Shops:
D:5 =

Annotations:
D:4 1 runed door
D:6 Edmund


Innate Abilities, Weirdness & Mutations

You have a pair of small horns on your head.
You have a moderately thin skeletal structure. (Dex +4, Stealth+)
Your flesh is heat resistant. (rF+)
You are immune to clouds of flame.


Message History

You puncture the hornet! Your headbutt misses the hornet.
The hornet is almost dead.
Your skin is crawling a little less now.
You feel sick. The hornet closely misses you. The hornet stings you.
* * * LOW HITPOINT WARNING * * *
You feel as though you will be slow longer.
You barely miss the hornet. Your headbutt misses the hornet.
The hornet is almost dead.
You feel sick.
The hornet misses you. x2; The hornet stings you.
* * * LOW HITPOINT WARNING * * *
You are lethally poisoned!
You feel as though you will be slow longer.
You puncture the hornet!
You kill the hornet!
* * * LOW HITPOINT WARNING * * *
You feel very sick.
* * * LOW HITPOINT WARNING * * *
You feel sick.
Your skin stops crawling.
You die...

##### #...########
## #........... .#
#...######## .#
#####.#.## .#
.)...###.## .#
#...[.#...# .#
#.####.##.#######$#
#.# ####.......@.#
#.# ########..# #.#
#..... #.# ##.###$#
#.# .# .# ##


There were no monsters in sight!

Vanquished Creatures
  A hornet (D:6)
  Prince Ribbit (D:7)
  Sigmund (D:2)
  Eustachio (D:6)
  An orc warrior (D:6)
  An ogre (D:4)
  2 bullfrogs
  2 scorpions
  3 killer bees (D:8)
  A quasit (D:7)
  4 hounds
  2 bullfrog skeletons
  5 orc wizards
  A gnoll shaman (D:7)
  3 orc priests
  Terence (D:2)
  5 worker ants
  A hound zombie (D:5)
  A worker ant zombie (D:5)
  11 gnolls
  8 adders
  2 adder skeletons (D:4)
  7 worms
  A leopard gecko (D:2)
  13 orcs
  A ball python (D:3)
  9 bats
  5 giant cockroaches
  11 goblins
  6 hobgoblins
  12 jackals
  12 kobolds
  2 quokkas
  9 frilled lizards
  A leopard gecko skeleton (D:5)
  6 rats
153 creatures vanquished.

Vanquished Creatures (others)
  9 fungi (D:8)
  2 plants
  A spectral weapon (D:7)
12 creatures vanquished.

Grand Total: 165 creatures vanquished

Notes
Turn   | Place    | Note
-------+----------+-------------------------------------------
     0 | D:1      | Mesmaeker13 the Demonspawn Skald began the quest for the Orb.
     0 | D:1      | Reached XP level 1. HP: 16/16 MP: 3/3
    17 | D:1      | Reached skill level 1 in Dodging
   233 | D:1      | Gained mutation: You have a somewhat thin skeletal structure. (Dex +2, Stealth) [demonic ancestry]
   233 | D:1      | Reached XP level 2. HP: 17/22 MP: 3/5
  1195 | D:2      | Gained mutation: You have a moderately thin skeletal structure. (Dex +4, Stealth+) [demonic ancestry]
  1195 | D:2      | Reached XP level 3. HP: 26/27 MP: 4/6
  1214 | D:2      | Found a faded altar of an unknown god.
  1270 | D:2      | Noticed Sigmund
  1469 | D:3      | Learned a level 2 spell: Song of Slaying
  2317 | D:3      | Gained mutation: Your flesh is heat resistant. (rF+) [demonic ancestry]
  2317 | D:3      | Reached XP level 4. HP: 33/33 MP: 5/8
  2672 | D:4      | Learned a level 2 spell: Shroud of Golubria
  2701 | D:4      | Noticed an ogre
  3302 | D:2      | Killed Sigmund
  3302 | D:2      | Reached XP level 5. HP: 26/38 MP: 8/10
  3302 | D:2      | Gained mutation: You are immune to clouds of flame. [demonic ancestry]
  3302 | D:2      | Reached XP level 6. HP: 30/44 MP: 8/11
  3534 | D:2      | Noticed Terence
  3647 | D:2      | Killed Terence
  3875 | D:4      | Learned a level 3 spell: Spectral Weapon
  4219 | D:4      | Found an ancient bone altar of Kikubaaqudgha.
  4323 | D:4      | Reached skill level 1 in Hexes
  4360 | D:4      | Found a runed door.
  4390 | D:4      | Gained mutation: You have a pair of small horns on your head. [demonic ancestry]
  4390 | D:4      | Reached XP level 7. HP: 47/50 MP: 1/13
  5007 | D:5      | Entered Level 5 of the Dungeon
  5017 | D:5      | Found a sparkling altar of Nemelex Xobeh.
  5041 | D:5      | Found a shadowy altar of Dithmenos.
  5052 | D:5      | Found a glowing silver altar of Zin.
  5477 | D:5      | Found Ymurek's Jewellery Shoppe.
  5487 | D:5      | Found a staircase to the Ecumenical Temple.
  5517 | Temple   | Entered the Ecumenical Temple
  5585 | Temple   | Became a worshipper of Ashenzari the Shackled
  5958 | D:6      | Reached skill level 5 in Charms
  6192 | D:6      | Noticed Eustachio
  6217 | D:6      | Killed Eustachio
  6217 | D:6      | Reached skill level 5 in Dodging
  6430 | D:6      | Noticed Edmund
  6433 | D:6      | You fall through a shaft for 2 floors!
  6436 | D:8      | Identified a scroll of acquirement
  6436 | D:8      | Identified the cursed amulet of Tempters {RegenMP +Fly rC+ Str+4} (You acquired it on level 8 of the Dungeon)
  6447 | D:8      | Reached XP level 8. HP: 28/56 MP: 14/14
  6715 | D:8      | Learned a level 3 spell: Regeneration
  6913 | D:7      | Noticed Prince Ribbit
  7445 | D:7      | Killed Prince Ribbit
  8719 | D:6      | Found a glowing golden altar of the Shining One.
  8737 | D:6      | Reached skill level 5 in Hexes
  8737 | D:6      | Reached XP level 9. HP: 52/64 MP: 9/15
  8828 | D:6      | Paralysed by a hornet for 3 turns
  8837 | D:6      | HP: 2/64 [hornet (6)]
  8840 | D:6      | Succumbed to a hornet's poison

Skill      XL: |  1  2  3  4  5  6  7  8 |
---------------+-------------------------+-----
Dodging        | 1 2 3 4 5 6 |  6.4
Charms         | 3 4 5 6 |  6.4
Spellcasting   | 3 4 |  4.0
Hexes          | 1 3 5 |  5.1
Fighting       | 3 |  3.6
Long Blades    | |  1.7
Armour         | |  0.8

Action                   |  1- 3 |  4- 6 |  7- 9 || total
-------------------------+-------+-------+-------++-------
Melee: Falchion          |    22 |       |       ||    22
       Dagger            |   111 |   148 |    57 ||   316
       Rapier            |       |       |   158 ||   158
       Headbutt          |       |       |    47 ||    47
Throw: Throwing net      |       |       |     3 ||     3
 Cast: Infusion          |    15 |    10 |    13 ||    38
       Shroud of Golubri |       |     2 |    12 ||    14
       Song of Slaying   |       |     2 |     1 ||     3
       Spectral Weapon   |       |       |     8 ||     8
       Regeneration      |       |       |     5 ||     5
Invok: Curse Item        |       |       |     2 ||     2
Evoke: Wand              |       |       |     1 ||     1
  Use: Scroll            |     4 |     4 |     8 ||    16
       Potion            |       |     1 |     4 ||     5
 Stab: Sleeping          |     4 |     7 |     2 ||    13
  Eat: Chunk             |     4 |     8 |     4 ||    16
       Bread ration      |       |       |     3 ||     3
Armor: Leather armour    |    49 |    19 |    64 ||   132
Dodge: Dodged            |   107 |    75 |   193 ||   375
       Rpst.: Falchion   |     4 |       |       ||     4
